 Dungeon Crawl Stone Soup version 0.23.2 (webtiles) character file.

Game seed: 16363411487968390744

319 Borgoz the Cutter (level 6, 0/57 HPs)
             Began as a Kobold Gladiator on Apr 11, 2019.
             Succumbed to a scorpion's poison
             ... on level 5 of the Dungeon.
             The game lasted 00:10:01 (4231 turns).

Borgoz the Cutter (Kobold Gladiator)                Turns: 4231, Time: 00:10:02

Health: 0/57       AC: 23    Str: 18    XL:     6   Next: 74%
Magic:  6/6        EV:  3    Int:  9    God:
Gold:   233        SH:  0    Dex: 17    Spells: 5/5 levels left

rFire    . . .     SeeInvis .   a - +0 rapier
rCold    . . .     Gourm    .   (shield restricted)
rNeg     + + +     Faith    .   (armour currently unavailable)
rPois    +         Spirit   .   (helmet currently unavailable)
rElec    .         Reflect  .   (cloak currently unavailable)
rCorr    .         Harm     .   (gloves currently unavailable)
MR       .....     NoTele   +   (boots currently unavailable)
Stlth    +++.......             (no amulet)
HPRegen  0.19/turn              (no ring)
MPRegen  0.10/turn              (no ring)

@: mighty, lethally poisoned (0 -> -9), tree-form, hasted, very quick
A: small, carnivore
a: no special abilities


You were on level 5 of the Dungeon.
You were very full.
You were a tree.
You visited 1 branch of the dungeon, and saw 5 of its levels.

You collected 233 gold pieces.

Inventory:

Hand Weapons
 a - a +0 rapier (weapon)
Missiles
 d - a throwing net (quivered)
Armour
 p - a +2 hat (melded)
 x - a +2 leather armour of fire resistance (melded)
Jewellery
 s - an uncursed ring of ice
Wands
 w - a wand of paralysis (2)
Scrolls
 b - a scroll of fear {unknown}
 g - 2 scrolls of magic mapping {unknown}
 j - a scroll of enchant armour {unknown}
 k - 2 scrolls of remove curse
 m - 3 scrolls of teleportation
 q - 2 scrolls of identify {unknown}
 v - a scroll of amnesia {unknown}
Potions
 h - a potion of ambrosia {unknown}
 i - a potion of haste
 n - a potion of mutation {unknown}
 o - 2 potions of cancellation {unknown}
 r - 2 potions of degeneration {unknown}
 t - a potion of heal wounds {unknown}
Comestibles
 f - 8 rations


   Skills:
 + Level 3.7 Fighting
 + Level 5.3 Short Blades
 - Level 2.1 Throwing
 + Level 2.1 Armour
 + Level 5.0 Dodging
 + Level 3.7 Stealth


You had 5 spell levels left.
You didn't know any spells.
Your spell library was empty.

Dungeon Overview and Level Annotations

Branches:
Dungeon (5/15)
 Temple: D:4-7

Altars:
Vehumet
Xom


Innate Abilities, Weirdness & Mutations

You are small and have problems with some larger weapons.
You are carnivorous and can eat meat at any time.


Message History

* * * LOW HITPOINT WARNING * * *
You barely miss the scorpion.
The scorpion is heavily wounded.
You feel sick. The scorpion stings you!
* * * LOW HITPOINT WARNING * * *
It was a potion of might.
You feel very mighty all of a sudden. The scorpion stings you.
* * * LOW HITPOINT WARNING * * *
You are more poisoned.
The scorpion poisons you!
It was a potion of lignification.
You turn into a tree.
Your +2 hat melds into your body.
Your +2 leather armour of fire resistance melds into your body.
You feel less resistant to fire.
Your roots penetrate the ground.
* * * LOW HITPOINT WARNING * * *
You feel sick.
The scorpion stings you but does no damage.
It was a potion of haste.
You feel yourself speed up.
You die...

.. #.### #.. ...# .. ### #..#
.##... ..##.#.... #........^
.#### #.#.......
......#######<........
#####...........♣s5l..........
........#.#########.>.....#.%.
..(...## #...###.....# [######
.....## #.##.# .# ##...# .# #
.# #).### # ## #!.# ..#


You could see a scorpion, a shadow imp and a leopard gecko.

Vanquished Creatures
  A scorpion (D:5)
  Crazy Yiuf (D:2)
  Ijyb (D:4)
  An iguana (D:5)
  2 orc wizards
  5 adders
  3 worms (D:3)
  3 dart slugs
  4 leopard geckos
  9 orcs
  2 ball pythons (D:2)
  5 giant cockroaches
  3 goblins
  4 hobgoblins
  6 jackals (D:3)
  4 kobolds
  A quokka (D:3)
  4 bats
  6 frilled lizards
  A quokka skeleton (D:4)
  6 rats
72 creatures vanquished.

Notes
Turn   | Place    | Note
-------+----------+-------------------------------------------
     0 | D:1      | Borgoz the Kobold Gladiator began the quest for the Orb.
     0 | D:1      | Reached XP level 1. HP: 12/12 MP: 1/1
   167 | D:1      | Reached XP level 2. HP: 18/18 MP: 2/2
   220 | D:1      | Reached skill level 1 in Stealth
   484 | D:1      | Reached XP level 3. HP: 22/22 MP: 3/3
   557 | D:2      | Found a shimmering altar of Xom.
   689 | D:2      | Found a shimmering altar of Xom.
   689 | D:2      | Found a shimmering altar of Xom.
   690 | D:2      | You fall through a shaft!
   737 | D:2      | Found a runed translucent door.
   738 | D:2      | Noticed Crazy Yiuf
   824 | D:2      | Reached skill level 1 in Armour
  1081 | D:2      | Reached XP level 4. HP: 27/27 MP: 4/4
  1393 | D:2      | Found a shimmering altar of Xom.
  1476 | D:2      | Killed Crazy Yiuf
  1900 | D:3      | Reached XP level 5. HP: 27/32 MP: 5/5
  3079 | D:5      | Entered Level 5 of the Dungeon
  3098 | D:5      | Reached skill level 5 in Short Blades
  3098 | D:5      | Reached XP level 6. HP: 21/37 MP: 6/6
  3628 | D:4      | Noticed Ijyb
  3633 | D:4      | Paralysed by Ijyb for 6 turns
  3660 | D:4      | Paralysed by Ijyb for 2 turns
  3670 | D:4      | Killed Ijyb
  3881 | D:4      | Found a radiant altar of Vehumet.
  4218 | D:5      | Reached skill level 5 in Dodging
  4229 | D:5      | HP: 1/38 [scorpion (2)]
  4231 | D:5      | Succumbed to a scorpion's poison

Skill      XL: |  1  2  3  4  5  6 |
---------------+-------------------+-----
Stealth        | 1 2 3 |  3.7
Dodging        | 4 5 |  5.0
Armour         | 1 2 |  2.1
Fighting       | 3 |  3.7
Short Blades   | 5 |  5.3
Throwing       | |  2.1

Action                   |  1- 3 |  4- 6 || total
-------------------------+-------+-------++-------
Melee: Rapier            |   103 |   283 ||   386
Throw: Throwing net      |       |     4 ||     4
  Use: Potion            |       |     3 ||     3
       Scroll            |       |     2 ||     2
 Stab: Sleeping          |     1 |       ||     1
       Held in net/web   |       |     4 ||     4
  Eat: Chunk             |     7 |    11 ||    18
Armor: Leather armour    |     7 |     3 ||    10
       Scale mail        |    18 |    82 ||   100
       Skin              |       |     1 ||     1
Dodge: Dodged            |    82 |   177 ||   259
